 Dungeon Crawl Stone Soup version 0.31-a0-188-g5e087ee2ca (webtiles) character file.

Game seed: 641711351421803302

212 qw the Skirmisher (level 5, -1/29 HPs)
             Began as a Deep Elf Hunter on June 23, 2023.
             Succumbed to a scorpion's poison
             ... on level 4 of the Dungeon.
             The game lasted 00:01:08 (2630 turns).

qw the Skirmisher (Deep Elf Hunter)                 Turns: 2630, Time: 00:01:09

Health: -1/29      AC:  9    Str: 10    XL:     5   Next: 58%
Magic:  7/7        EV: 11    Int: 14    God:
Gold:   33         SH:  0    Dex: 22    Spells: 4/4 levels left

rFire   . . .        Y - +2 shortbow (heavy)
rCold   . . .        (shield currently unavailable)
rNeg    + . .        i - +0 ring mail
rPois   .            l - +2 helmet "Fiufiriomi" {rN+ Dex+4 Stlth-}
rElec   .            (no cloak)
rCorr   .            (no gloves)
SInv    .            n - +0 pair of boots
Will    +....        (no amulet)
Stlth   +            d - ring of willpower
HPRegen 0.24/turn    (no ring)
MPRegen 0.10/turn

%: no passive effects
@: lethally poisoned (-1 -> -14), about to teleport
A: no striking features
a: no special abilities


You were on level 4 of the Dungeon.
You visited 1 branch of the dungeon, and saw 4 of its levels.

You collected 230 gold pieces.
You spent 197 gold pieces at shops.


   Skills:
 - Level 1.5 Fighting
 - Level 9.0 Ranged Weapons
 + Level 2.7 Dodging
 - Level 1.2 Stealth


You had 4 spell levels left.
You didn't know any spells.
Your spell library was empty.

Inventory:

Hand Weapons
 Y - a +2 heavy shortbow (weapon)
Armour
 i - a +0 ring mail (worn)
 l - the +2 helmet "Fiufiriomi" (worn) {rN+ Dex+4 Stlth-}
   (You found it on level 2 of the Dungeon)

   Dex:       It affects your dexterity (+4).
   rN:        It protects you from negative energy.
   Stlth:     It makes you less stealthy.
 n - a +0 pair of boots (worn)
Jewellery
 d - a ring of willpower (left hand)
Scrolls
 a - a scroll of teleportation
 g - 2 scrolls of identify
 o - a scroll of brand weapon
 p - a scroll of noise {unknown}
Potions
 b - a potion of haste
 c - 2 potions of heal wounds
 e - a potion of brilliance {unknown}
 f - 2 potions of mutation {unknown}
 h - 2 potions of curing
 j - a potion of resistance {unknown}
 k - a potion of might {unknown}
 m - a potion of attraction {unknown}

Dungeon Overview and Level Annotations

Branches:
Dungeon (4/15)
 Temple: D:4-7

Altars:
Cheibriados
Fedhas
Qazlal

Shops:
D:3 :[?=[


Message History

You shoot an arrow. The arrow hits the gnoll!
You kill the gnoll!
The gnoll hits you from afar with a +0 spear.
The gnoll barely misses you. The gnoll hits you but does no damage.
The gnoll barely misses you.
Your Ranged Weapons skill increases to level 9!
You shoot an arrow. The arrow hits the gnoll!
The gnoll is almost dead.
The gnoll hits you from afar with a +0 spear.
The goblin closely misses you. The gnoll barely misses you.
A scorpion comes into view.
You shoot an arrow. The arrow hits the gnoll!
You kill the gnoll!
The goblin barely misses you. The gnoll hits you but does no damage.
The goblin misses you. The gnoll closely misses you.
You shoot an arrow. The arrow barely misses the goblin.
The arrow hits the gnoll.
The gnoll is moderately wounded.
The goblin closely misses you. The gnoll misses you.
The goblin hits you but does no damage.
The gnoll hits you from afar with a +0 spear.
You shoot an arrow. The arrow hits the goblin!
You kill the goblin!
The gnoll hits you but does no damage.
You shoot an arrow. The arrow barely misses the scorpion.
The arrow barely misses the gnoll.
The scorpion stings you. The gnoll hits you but does no damage.
The scorpion stings you but does no damage.
The gnoll barely misses you.
You shoot an arrow. The arrow hits the scorpion!
The scorpion is severely wounded.
The scorpion stings you.
You are lethally poisoned!
The scorpion poisons you!
The gnoll hits you from afar with a +0 spear.
The scorpion barely misses you.
2630 ||| READING 2 scrolls of teleportation.
As you read the scroll of teleportation, it crumbles to dust.
You feel strangely unstable.
You die...

#.............. ..
.####.............. # ..
....#.............. #.
.#...................
##. ....................
.#..#)..................
.##...###...............
....#.)#................
#..gs@..#.............
#...#.#.................
. #. #..##.........###.
.......##.........# ##
.....##..##........#
...... ##.##....%...#
..[.# .......###.. . ..#
#.........##... ..
........ .#.


You could see a scorpion and a gnoll.

Vanquished Creatures
  2 orc priests (D:3)
  4 adders
  2 gnolls (D:4)
  2 ufetubi (D:3)
  2 worms
  A dart slug (D:1)
  7 orcs
  5 bats
  6 endoplasms
  3 giant cockroaches
  4 goblins
  3 hobgoblins
  3 jackals (D:1)
  4 quokkas
  10 ball pythons
  7 frilled lizards
  5 kobolds
  7 rats
77 creatures vanquished.

Notes
Turn   | Place    | Note
-------+----------+-------------------------------------------
     0 | D:1      | qw the Deep Elf Hunter began the quest for the Orb.
     0 | D:1      | Reached XP level 1. HP: 12/12 MP: 3/3
     0 | D:1      | 0 ||| qw: Version: 0.3-a-9-g12657ce
     0 | D:1      | 0 ||| qw: Game counter: 3221
     0 | D:1      | 0 ||| qw: Always use a shield: true
     0 | D:1      | 0 ||| qw: God list: Okawaru
     0 | D:1      | 0 ||| qw: Allow faded altars: false
     0 | D:1      | 0 ||| qw: Do Orc after D:15 true
     0 | D:1      | 0 ||| qw: Do second Lair branch before Depths: true
     0 | D:1      | 0 ||| qw: Lair rune preference: random
     0 | D:1      | 0 ||| qw: Plans: Normal
     0 | D:1      | 0 ||| PLANNING D:1-11
   137 | D:1      | Reached XP level 2. HP: 16/16 MP: 4/4
   143 | D:1      | Reached skill level 6 in Ranged Weapons
   629 | D:1      | 629 ||| UPGRADING to +0 scale mail.
   639 | D:1      | 639 ||| DROPPING +0 leather armour.
   640 | D:1      | 640 ||| READING 2 scrolls labelled EHA OHOISI.
   643 | D:1      | 643 ||| READING scroll labelled ZOILLU RONKI.
   644 | D:1      | 644 ||| READING scroll labelled LOUR PUFUCRUKH.
   645 | D:1      | 645 ||| READING scroll labelled BUISTA CUTAF.
   646 | D:1      | 646 ||| READING scroll labelled EGIXOE ODYTIKO.
   647 | D:1      | 647 ||| DROPPING scroll of butterflies.
   722 | D:2      | Reached XP level 3. HP: 20/20 MP: 5/5
   868 | D:2      | Reached skill level 7 in Ranged Weapons
  1032 | D:2      | Found a blossoming altar of Fedhas.
  1398 | D:2      | Identified the +2 helmet "Fiufiriomi" {rN+ Dex+4 Stlth-}
  1561 | D:2      | Reached XP level 4. HP: 25/25 MP: 6/6
  1575 | D:2      | 1575 ||| UPGRADING to +2 helmet "Fiufiriomi" {rN+ Dex+4
                  | Stlth-}.
  1580 | D:2      | 1580 ||| UPGRADING to ring of willpower.
  1581 | D:2      | 1581 ||| READING scroll labelled GALYIKHOD BIUBB.
  1612 | D:3      | Found Kidof's Armour Boutique.
  1625 | D:3      | 1625 ||| SHOPLISTING +0 pair of gloves (49 gold, have 43).
  1625 | D:3      | 1625 ||| SHOPLISTING +0 ring mail (44 gold, have 43).
  1625 | D:3      | 1625 ||| SHOPLISTING +1 leather armour of willpower (154
                  | gold, have 43).
  1695 | D:3      | Reached skill level 8 in Ranged Weapons
  1703 | D:3      | 1703 ||| FLEEEEING.
  1805 | D:3      | Found Halil's Jewellery Boutique.
  1809 | D:3      | 1809 ||| SHOPLISTING +4 ring of protection (504 gold, have
                  | 75).
  1809 | D:3      | 1809 ||| SHOPLISTING ring of poison resistance (280 gold,
                  | have 75).
  1809 | D:3      | 1809 ||| SHOPLISTING ring of protection from fire (350
                  | gold, have 75).
  1809 | D:3      | 1809 ||| SHOPLISTING ring of resist corrosion (280 gold,
                  | have 75).
  1809 | D:3      | 1809 ||| SHOPLISTING ring of see invisible (210 gold, have
                  | 75).
  1852 | D:3      | Found Jeixkuwn's Armour Shoppe.
  1861 | D:3      | 1861 ||| BUYING +0 pair of boots (49 gold).
  1861 | D:3      | Bought a +0 pair of boots for 49 gold pieces
  1861 | D:3      | 1861 ||| SHOPLISTING +0 pair of gloves (49 gold, have 26).
  1861 | D:3      | 1861 ||| SHOPLISTING +3 scale mail of fire resistance (286
                  | gold, have 26).
  1861 | D:3      | 1861 ||| SHOPLISTING scarf of repulsion (132 gold, have
                  | 26).
  1919 | D:3      | 1919 ||| READING scroll of enchant weapon.
  1919 | D:3      | 1919 ||| ENCHANTING +1 shortbow of draining.
  1980 | D:3      | Found a stormy altar of Qazlal.
  2039 | D:3      | Reached XP level 5. HP: 13/29 MP: 7/7
  2039 | D:3      | 2039 ||| FLEEEEING.
  2040 | D:3      | 2040 ||| FLEEEEING.
  2041 | D:3      | 2041 ||| FLEEEEING.
  2047 | D:3      | 2047 ||| FLEEEEING.
  2048 | D:3      | 2048 ||| FLEEEEING.
  2065 | D:3      | 2065 ||| FLEEEEING.
  2090 | D:3      | 2090 ||| FLEEEEING.
  2091 | D:3      | 2091 ||| FLEEEEING.
  2092 | D:3      | 2092 ||| FLEEEEING.
  2093 | D:3      | 2093 ||| FLEEEEING.
  2116 | D:3      | Found a snail-covered altar of Cheibriados.
  2260 | D:3      | 2260 ||| READING scroll of brand weapon.
  2260 | D:3      | 2260 ||| BRANDING +2 shortbow of draining.
  2292 | D:3      | Found Haer's Book Shoppe.
  2485 | D:3      | Found Ihump's Magic Scroll Emporium.
  2488 | D:3      | 2488 ||| BUYING scroll of brand weapon (104 gold).
  2488 | D:3      | Bought a scroll of brand weapon for 104 gold pieces
  2488 | D:3      | 2488 ||| SHOPLISTING scroll of enchant armour (82 gold,
                  | have 57).
  2488 | D:3      | 2488 ||| SHOPLISTING scroll of enchant weapon (82 gold,
                  | have 57).
  2488 | D:3      | 2488 ||| BUYING scroll of identify (22 gold).
  2488 | D:3      | Bought a scroll of identify for 22 gold pieces
  2488 | D:3      | 2488 ||| BUYING scroll of identify (22 gold).
  2488 | D:3      | Bought a scroll of identify for 22 gold pieces
  2488 | D:3      | 2488 ||| SHOPLISTING scroll of identify (22 gold, have 13).
  2488 | D:3      | 2488 ||| SHOPLISTING scroll of teleportation (33 gold, have
                  | 13).
  2488 | D:3      | 2488 ||| UPGRADING to +0 ring mail.
  2498 | D:3      | 2498 ||| DROPPING +0 scale mail.
  2499 | D:3      | 2499 ||| UPGRADING to +0 pair of boots.
  2504 | D:3      | 2504 ||| DRINKING 3 ruby potions.
  2505 | D:3      | 2505 ||| READING 3 scrolls of identify.
  2505 | D:3      | 2505 ||| IDENTIFYING puce potion
  2506 | D:3      | 2506 ||| READING 2 scrolls of identify.
  2506 | D:3      | 2506 ||| IDENTIFYING green potion
  2624 | D:4      | Reached skill level 9 in Ranged Weapons
  2629 | D:4      | HP: 2/29 [gnoll/+0 spear (6)]
  2630 | D:4      | 2630 ||| READING 2 scrolls of teleportation.
  2630 | D:4      | Succumbed to a scorpion's poison

Levels and vault maps discovered:
D:1:      dpeg_arrival_connections, layout_loops_ring, minmay_hexomino_f4
D:2:      layout_basic, basic_altar, minivault_26
D:3:      layout_loops_ring, mainiacjoe_overflow_small_starburst,
          mainiacjoe_overflow_concentric_impassable, serial_shops, shop,
          nicolae_shop_tiny_real_fake_doors, shop,
          nicolae_shop_pleasant_corner_grove, nicolae_shop_rolled_up,
          wander_ebering_terrifying_dragon_lair
D:4:      layout_rooms, minmay_temple_entry_slanted, serial_shops, shop

Skill      XL: |  1  2  3  4  5 |
---------------+----------------+-----
Ranged Weapons | 6 7 8 9 |  9.0
Fighting       | |  1.5
Dodging        | |  2.7
Stealth        | |  1.2

Action                     |  1- 3 |  4- 6 || total
---------------------------+-------+-------++-------
   Fire: Shortbow          |   141 |    75 ||   216
    Use: Scroll            |     5 |     6 ||    11
         Potion            |       |     1 ||     1
 Armour: Leather armour    |    12 |       ||    12
         Scale mail        |    26 |    10 ||    36
         Ring mail         |       |    15 ||    15
  Dodge: Dodged            |    44 |    23 ||    67

Table legend:
 A = Non-vault XP
 B = Vault XP
 C = Vault XP percentage of total XP
 D = Non-vault monster count
 E = Vault monster count
 F = Vault count percentage of total count
                 A         B        C        D         E       F
            +---------+---------+-------+---------+---------+-------
      Total |     298 |       6 |   2.0 |      72 |       5 |   6.5
            +---------+---------+-------+---------+---------+-------
        D:1 |      33 |       5 |  13.2 |      19 |       4 |  17.4
        D:2 |      60 |       0 |   0.0 |      21 |       0 |   0.0
        D:3 |     133 |       1 |   0.7 |      20 |       1 |   4.8
        D:4 |      72 |       0 |   0.0 |      12 |       0 |   0.0
            +---------+---------+-------+---------+---------+-------
